 Dungeon Crawl Stone Soup version 0.32-a0-705-g60f233581c (webtiles) character file.

Game seed: 14860054097293636469

183 BeKind the Chiller (level 5, -6/31 HPs)
             Began as an Octopode Ice Elementalist on Mar 14, 2024.
             Killed by divine providence
             ... invoked by an orc priest
              (10 damage)
             ... on level 4 of the Dungeon.
             The game lasted 00:03:54 (2569 turns).

BeKind the Chiller (Octopode Ice Elementalist)      Turns: 2569, Time: 00:03:55

Health: -6/31      AC:  1    Str:  8    XL:     5   Next: 62%
Magic:  0/9        EV: 12    Int: 19    God:
Gold:   170        SH:  4    Dex: 12    Spells: 6/10 levels left

rFire   . . .        n - +0 sling
rCold   . . .        h - +0 buckler
rNeg    . . .        (helmet restricted)
rPois   .            (no amulet)
rElec   .            (no ring)
rCorr   .            (no ring)
SInv    .            (no ring)
Will    .....        (no ring)
Stlth   +++          (no ring)
HPRegen 0.25/turn    (no ring)
MPRegen 0.11/turn    (no ring)
                     (no ring)

%: no passive effects
@: very slightly contaminated
A: almost no armour, amphibious, 8 rings, camouflage 1, gelatinous body 1,
(nimble swimmer 1), tentacles
a: Convert to Beogh


You were on level 4 of the Dungeon.
You visited 1 branch of the dungeon, and saw 4 of its levels.

You collected 170 gold pieces.

Inventory:

Hand Weapons
 n - a +0 sling (weapon)
 s - a +2 falchion of holy wrath
Armour
 g - a +0 kite shield
 h - a +0 buckler (worn)
Wands
 q - a wand of paralysis (6)
Scrolls
 c - a scroll of revelation {unknown}
 d - a scroll of silence {unknown}
 e - a scroll of fog {unknown}
 f - a scroll of amnesia {unknown}
 i - 2 scrolls of enchant weapon {unknown}
 m - 2 scrolls of poison {unknown}
 o - a scroll of butterflies {unknown}
 p - a scroll of identify {unknown}
 r - a scroll of immolation {unknown}
Potions
 a - 2 potions of magic
 j - a potion of invisibility {unknown}
 k - a potion of resistance {unknown}
 l - a potion of enlightenment {unknown}


   Skills:
 + Level 3.2 Dodging
 - Level 3.0 Stealth
 * Level 2.4 Shields
 + Level 3.0 Spellcasting
 + Level 4.7 Ice Magic


You had 6 spell levels left.
You knew the following spells:

 Your Spells              Type           Power      Damage    Failure   Level
a - Freeze                Ice            80%        1d9       3%          1
b - Frozen Ramparts       Ice            40%        1d7       11%         3

Your spell library contained the following spells:

 Spells                   Type           Power      Damage    Failure   Level
 Ozocubu's Armour         Ice            20%        N/A       11%         3
 Summon Ice Beast         Ice/Summ       11%        N/A       26%         3
 Gell's Gravitas          Tloc           2%         N/A       56%         3
 Passwall                 Erth           2%         N/A       56%         3
 Teleport Other           Tloc           2%         N/A       56%         3
 Volatile Blastmotes      Fire/Tloc      4%         2d10      56%         3
 Bombard                  Conj/Erth      1%         9d1       100%        6
 Dispersal                Tloc           1%         N/A       100%        6


Dungeon Overview and Level Annotations

Branches:
Dungeon (4/15)
 Temple: D:4-7

Altars:

Shops:
D:3 (


Innate Abilities, Weirdness & Mutations

You cannot wear most types of armour.
You are amphibious.
You can wear up to eight rings at the same time.
Your skin changes colour to match your surroundings (Stealth+).
Your rubbery body absorbs attacks. (AC +1, EV +1)
((You are camouflaged when in or above water. (Stealth+)))
You have tentacles for arms and can constrict up to eight enemies at once.


Message History

You freeze the orc wizard.
The orc wizard is severely wounded.
The orc priest shouts, "The Pantheon deserves no one's loyalty.
Let us show you the true path!"
The wall freezes the orc priest.
The orc priest calls upon Beogh to heal the orc wizard.
The orc wizard is healed somewhat.
The wall freezes the orc wizard.
Casting: Freeze (safe; 3% risk of failure)
Confirm with . or Enter, or press ? or * to list all spells.
Aiming: Freeze (safe; 3% risk of failure)
Press: ? - help, Shift-Dir - straight line, f/p - orc wizard
Aim: an orc wizard, wielding a +0 dagger and wearing a +0 robe (severely wounded)
You freeze the orc wizard.
You kill the orc wizard!
The wall freezes the orc priest!
The orc priest calls down the wrath of Beogh upon you.
Pain shoots through your body!
* * * LOW HITPOINT WARNING * * *
Your Spellcasting skill increases to level 3!
The frozen ramparts melt away.
The orc priest mumbles some strange prayers to Beogh against you.
You barely resist.
Fire: n) +0 sling
Press: ? - help, Shift-Dir - straight line, f - orc priest
Aim: an orc priest, wielding a +0 short sword (severely wounded, 52% to hit)
You shoot a sling bullet.
The sling bullet closely misses the orc priest.
The orc priest threatens, "Beogh's wrath is as vast as their mercy.
Make your choice!" The orc priest closely misses you.
Your magical contamination has completely faded away.
Casting: Freeze (safe; 3% risk of failure)
Confirm with . or Enter, or press ? or * to list all spells.
Aiming: Freeze (safe; 3% risk of failure)
Press: ? - help, Shift-Dir - straight line, f/p - orc priest
Aim: an orc priest, wielding a +0 short sword (severely wounded)
You miscast Freeze.
You are very lightly contaminated with residual magic.
Nothing appears to happen.
The orc priest mumbles some strange prayers to Beogh against you.
Beogh smites you!
You die...

#.....# ######## #.
#.#.....############# .......#
#.##.###...............# .......#
.$.....#...............# .......#
.......#...............# .......#
.....#...............# .......#
.).#...............#
......<########o#...............#
##+##..........)@........#####'##
....#....................#.....#
....#....................#.....#
....#....................#.....#
....#....................#.....#
....'....................#.....#
#####....................#.....#
#...####'#####.....###+#########
#.....'......#.....+.....#


You could see an orc priest.

Vanquished Creatures
  An orc priest (D:4)
  2 orc wizards (D:4)
  4 adders
  2 dart slugs
  2 orcs (D:4)
  3 bats
  3 endoplasms
  6 giant cockroaches
  11 goblins
  4 hobgoblins
  2 quokkas (D:2)
  6 ball pythons
  6 frilled lizards
  7 kobolds
  2 rats (D:1)
61 creatures vanquished.

Notes
Turn   | Place    | Note
-------+----------+-------------------------------------------
     0 | D:1      | BeKind the Octopode Ice Elementalist began the quest for
                  | the Orb.
     0 | D:1      | Reached XP level 1. HP: 11/11 MP: 3/3
   166 | D:1      | Reached XP level 2. HP: 17/17 MP: 5/5
   525 | D:1      | Reached XP level 3. HP: 21/21 MP: 4/6
  1045 | D:2      | Reached skill level 1 in Shields
  1133 | D:2      | Reached XP level 4. HP: 27/27 MP: 5/7
  1765 | D:3      | Learned a level 3 spell: Frozen Ramparts
  1993 | D:3      | Found Icweg's Weapon Shoppe.
  2464 | D:4      | Noticed an ogre
  2564 | D:4      | Reached XP level 5. HP: 14/31 MP: 3/9
  2569 | D:4      | Killed from afar by an orc priest

Illustrated notes

Levels and vault maps discovered:
D:1:      dpeg_arrival_chambers_temple_mockup, layout_loops_cross,
          chequers_serial_rivers_small_b
D:2:      minmay_angry_zag, layout_rooms
D:3:      layout_loops_ring, serial_shops, shop
D:4:      layout_gridville

Skill      XL: |  1  2  3  4  5 |
---------------+----------------+-----
Stealth        | 3 |  3.0
Shields        | 1 2 |  2.4
Dodging        | 3 |  3.2
Spellcasting   | 3 |  3.0
Ice Magic      | |  4.7

Action                     |  1- 3 |  4- 6 || total
---------------------------+-------+-------++-------
  Melee: Dagger            |    21 |     2 ||    23
         Constrict         |     3 |     1 ||     4
         Unarmed           |     1 |       ||     1
         Tentacles         |     3 |     1 ||     4
   Fire: Sling             |       |    63 ||    63
   Cast: Freeze            |    23 |    31 ||    54
         Frozen Ramparts   |       |     1 ||     1
   Stab: Sleeping          |     8 |       ||     8
 Armour: Skin              |    22 |    32 ||    54
  Dodge: Dodged            |     9 |    30 ||    39
  Block: Buckler           |       |     5 ||     5

Table legend: (Time is in decaauts)
 A = Elapsed time spent in this place.
 B = Non-inter-level travel time spent in this place.
 C = Inter-level travel time spent in this place.
 D = Time resting spent in this place.
 E = Time spent auto-exploring this place.
 F = Levels seen in this place.
 G = Mean time per level.
                   A        B        C        D        E       F      G
               +--------+--------+--------+--------+--------+-----+--------+
         Total |   2597 |   2418 |    179 |     58 |   1908 |   4 |  649.2 |
       Dungeon |   2597 |   2418 |    179 |     58 |   1908 |   4 |  649.2 |
               +--------+--------+--------+--------+--------+-----+--------+

Top non-repeatable levels by time:
     D:1: 942 daAuts
     D:3: 763 daAuts
     D:2: 680 daAuts
     D:4: 210 daAuts
